Punishers vs Americans
Created - November 6, 2024 at 20:02
Goals
|
| Punishers |
2 |
4 |
1 |
7 |
| Americans |
1 |
1 |
1 |
3 |
|
Shots
|
| Punishers |
6 |
16 |
7 |
29 |
| Americans |
7 |
15 |
9 |
31 |
|
1st period
1. Punishers , Joel Kiviranta 2 (Carson Meyer 3, Daniel Audette 9) at 3:55
2. Punishers , Karson Kuhlman 2 (Oskar Lindblom 5) at 5:15 (PP)
3. Americans , Kevin Fiala 6 (Devon Teows 5, Ryan Fitzgerald 6) at 14:02 (PP)
Penalties :
Nathan Noel (Roc) for Interference (Minor) at 4:57, Ben Betker (Pro) for Hooking (Minor) at 5:32, Teemu Pulkkinen (Roc) for Tripping (Minor) at 8:51, Braden Tracey (Pro) for Holding (Minor) at 13:47, Carson Meyer (Pro) for Hooking (Minor) at 15:28
2nd period
4. Punishers , Joel Kiviranta 3 (Daniel Audette 10) at 1:33
5. Punishers , Joel Kiviranta 4 (Nicolas Beaudin 4, Carson Meyer 4) at 3:02
6. Americans , Justin Bailey 2 (Ryan Fitzgerald 7, Kevin Fiala 8) at 4:55
7. Punishers , Oskar Lindblom 5 (Kole Lind 5, Karson Kuhlman 5) at 9:16
8. Punishers , Karson Kuhlman 3 (Nicolas Beaudin 5, Kole Lind 6) at 18:12 (PP)
Penalties :
Niko Mikkola (Pro) for High sticking (Minor) at 6:05, Oskar Lindblom (Pro) for Interference (Minor) at 15:16, Spencer Stastney (Roc) for Holding (Minor) at 18:02
3rd period
9. Punishers , Adam Ruzicka 4 (Jesse Ylonen 3) at 0:57
10. Americans , Teemu Pulkkinen 5 (Michael McCarron 4) at 11:39 (PP)
Penalties :
Devon Teows (Roc) for Slashing (Minor) at 2:16, Rasmus Sandin (Pro) for Interference (Minor) at 11:06, Gianni Fairbrother (Roc) for High sticking (Minor) at 19:54
Goalie Stats
Antoine Bibeau (Pro), 28 saves from 31 shots - (0.903), W, 6-2-0, 60:00 minutes
Connor Hellebyuk (Roc), 7 saves from 11 shots - (0.636), L, 4-3-0, 23:02 minutes
Peyton Jones (Roc), 15 saves from 18 shots - (0.833), 36:58 minutes
Players Stats for Punishers
Player Name G A P +/- PIM S H SB GA TA FO MP PP MP PK MP
------------------------------------------------------------------------------------
Adam Ruzicka 1 0 1 1 0 4 0 1 0 0 3/5 13:11 0:00 0:42
Ben Betker 0 0 0 0 2 0 0 2 0 0 0/0 29:34 2:40 4:32
Ben Meyers 0 0 0 0 0 0 0 0 1 0 2/4 6:22 0:00 0:00
Braden Tracey 0 0 0 1 2 0 1 2 0 3 0/1 12:00 0:00 0:00
Carson Meyer 0 2 2 3 2 0 1 0 0 0 0/1 15:08 1:54 0:00
Daniel Audette 0 2 2 3 0 1 2 0 0 1 4/10 17:09 1:54 2:24
Jack Ahcan 0 0 0 1 0 3 0 3 0 3 0/0 19:34 1:51 3:05
Jesse Ylonen 0 1 1 1 0 2 1 0 1 0 0/3 14:38 0:00 2:06
Joel Kiviranta 3 0 3 3 0 6 2 0 0 0 0/0 16:26 1:54 1:14
Karson Kuhlman 2 1 3 0 0 2 1 2 0 0 19/37 22:29 2:37 4:52
Kole Lind 0 2 2 0 0 5 1 0 0 1 0/2 19:25 2:37 2:12
Lassi Thomson 0 0 0 0 0 0 0 0 0 0 0/0 4:37 0:00 0:29
Marcus Karlberg 0 0 0 0 0 0 0 0 1 0 0/0 6:22 0:00 0:00
Nicolas Beaudin 0 2 2 1 0 0 3 1 0 1 0/0 19:44 1:51 3:15
Niko Mikkola 0 0 0 0 2 2 1 3 0 1 0/0 25:29 2:40 4:14
Oskar Lindblom 1 1 2 0 2 3 1 2 0 0 3/7 26:05 2:37 3:58
Rasmus Sandin 0 0 0 3 2 0 0 2 0 0 0/0 11:40 0:00 1:53
Ryan Suzuki 0 0 0 0 0 0 0 0 0 0 0/0 1:54 0:00 0:00
Urho Vaakanainen 0 0 0 3 0 1 0 1 0 0 0/0 9:23 0:00 0:00
Players Stats for Americans
Player Name G A P +/- PIM S H SB GA TA FO MP PP MP PK MP
------------------------------------------------------------------------------------
Alex Schoenborn 0 0 0 -2 0 0 0 0 2 1 0/0 7:28 0:00 0:00
Daniel Sprong 0 0 0 -1 0 1 0 0 0 0 0/0 10:48 0:00 0:00
Devon Teows 0 1 1 -2 2 1 4 2 0 0 0/0 26:37 4:59 1:43
Dillon Heatherington 0 0 0 -2 0 1 3 3 0 0 0/0 28:08 5:03 3:04
Gianni Fairbrother 0 0 0 0 2 0 1 0 0 0 0/0 13:17 0:00 1:21
Jakob Pelletier 0 0 0 -2 0 0 0 0 0 0 0/0 8:02 0:00 0:34
Justin Bailey 1 0 1 0 0 5 3 0 1 0 6/11 23:44 4:53 2:47
Kevin Fiala 1 1 2 0 0 6 2 0 0 0 1/1 21:47 4:53 1:00
Matt Grzelcyk 0 0 0 -2 0 2 2 1 1 1 0/0 20:15 3:41 1:27
Maxim Mamin 0 0 0 -2 0 2 0 1 1 0 3/5 8:12 0:00 0:44
Michael McCarron 0 1 1 -1 0 2 0 0 0 1 7/10 16:05 3:51 0:00
Nathan Noel 0 0 0 -1 2 3 2 0 0 0 2/4 10:47 0:00 0:00
Richard Nejezchleb 0 0 0 -1 0 0 1 0 0 0 0/0 16:05 3:51 0:00
Ryan Fitzgerald 0 2 2 0 0 1 0 1 0 0 20/38 21:47 4:53 1:00
Spencer Stastney 0 0 0 -2 2 1 0 0 1 0 0/0 20:14 3:41 1:27
Teemu Pulkkinen 1 0 1 -1 2 3 1 1 3 0 0/1 17:50 3:51 1:46
Vladimir Tkachev 0 0 0 -1 0 3 1 0 1 0 0/0 12:31 0:00 1:11
Xavier Bouchard 0 0 0 0 0 0 2 0 0 0 0/0 11:47 0:04 0:00
3 Stars
1 - Joel Kiviranta (Pro)
2 - Karson Kuhlman (Pro)
3 - Daniel Audette (Pro)
Power Play
Punishers - 2 on 5 Attempt(s) - 40.00%
Americans - 2 on 6 Attempt(s) - 33.33%
Penalty Kill
Punishers - 4 on 6 Attempt(s) - 66.67%
- Score 0 goal in Penalty Kill
Americans - 3 on 5 Attempt(s) - 60.00%
- Score 0 goal in Penalty Kill
Team Stat
Punishers - Hits : 14 - Faceoff Wins : 31 - Blocked Shots : 19 - Penalty Minutes : 12
Americans - Hits : 22 - Faceoff Wins : 39 - Blocked Shots : 9 - Penalty Minutes : 10
Official
Referees : Mitch Dunning and Gord Dwyer
Linesman : Derek Amell and Vaughan Rody
Game Notes
Joel Kiviranta has scored a Hat Trick!
Peyton Jones enters game at 3:02 of 2nd period
Finance
Level 1 -- Attendance: 1856 (92.80%) -- Ticket Income $129,920
Level 2 -- Attendance: 948 (94.80%) -- Ticket Income $37,920
Total Attendance: 2804 (93.47%)
Total Ticket Income: $167,840
Other Income: $8,392
Total Income: $176,232
Punishers
5 vs 5 Forward
Center Left Wing Right Wing Time % Phy DF OF
1 Karson Kuhlman Oskar Lindblom Kole Lind 40 1 2 2
2 Daniel Audette Joel Kiviranta Carson Meyer 30 1 2 2
3 Adam Ruzicka Braden Tracey Jesse Ylonen 20 1 2 2
4 Ben Meyers Marcus Karlberg Oskar Lindblom 10 1 2 2
5 vs 5 Defense
Defense Defense Time % Phy DF OF
1 Ben Betker Niko Mikkola 40 1 2 2
2 Nicolas Beaudin Jack Ahcan 30 1 2 2
3 Urho Vaakanainen Rasmus Sandin 20 1 2 2
4 Lassi Thomson Ben Betker 10 1 2 2
PowerPlay Forward
Center Left Wing Right Wing Time % Phy DF OF
1 Karson Kuhlman Oskar Lindblom Kole Lind 60 1 2 2
2 Daniel Audette Joel Kiviranta Carson Meyer 40 1 2 2
PowerPlay Defense
Defense Defense Time % Phy DF OF
1 Ben Betker Niko Mikkola 60 1 2 2
2 Nicolas Beaudin Jack Ahcan 40 1 2 2
Penalty Kill 4 Players Forward
Center Wing Time % Phy DF OF
1 Oskar Lindblom Karson Kuhlman 60 1 2 2
2 Daniel Audette Kole Lind 40 1 2 2
Penalty Kill 4 Players Defense
Defense Defense Time % Phy DF OF
1 Ben Betker Niko Mikkola 60 1 2 2
2 Nicolas Beaudin Jack Ahcan 40 1 2 2
Penalty Kill - 3 Players Forward
Forward Time % Phy DF OF
1 Oskar Lindblom 60 1 2 2
2 Karson Kuhlman 40 1 2 2
Penalty Kill - 3 Players Defense
Defense Defense Time % Phy DF OF
1 Ben Betker Niko Mikkola 60 1 2 2
2 Nicolas Beaudin Jack Ahcan 40 1 2 2
4 vs 4 Forward
Center Wing Time % Phy DF OF
1 Oskar Lindblom Karson Kuhlman 60 1 2 2
2 Daniel Audette Kole Lind 40 1 2 2
4 vs 4 Defense
Defense Defense Time % Phy DF OF
1 Ben Betker Niko Mikkola 60 1 2 2
2 Nicolas Beaudin Jack Ahcan 40 1 2 2
Last Minutes Offensive
Center Left Wing Right Wing Defense Defense
Karson Kuhlman Oskar Lindblom Kole Lind Ben Betker Niko Mikkola
Last Minutes Defensive
Center Left Wing Right Wing Defense Defense
Karson Kuhlman Oskar Lindblom Kole Lind Ben Betker Niko Mikkola
Goaltenders
Starting : Antoine Bibeau
Backup : Cal Petersen
Extra Forwards
Normal : Ryan Suzuki, Adam Ruzicka, Jesse Ylonen - PP : Ryan Suzuki, Adam Ruzicka - PK : Jesse Ylonen
Extra Defensemen
Normal : Urho Vaakanainen, Rasmus Sandin, Lassi Thomson - PP : Urho Vaakanainen - PK : Rasmus Sandin, Lassi Thomson
Penalty Shots
Oskar Lindblom, Karson Kuhlman, Daniel Audette, Kole Lind, Carson Meyer
Custom OT Lines Forwards
Oskar Lindblom, Karson Kuhlman, Daniel Audette, Kole Lind, Carson Meyer, Adam Ruzicka, Jesse Ylonen, Joel Kiviranta, Ben Meyers, Braden Tracey
Custom OT Lines Defensemen
Ben Betker, Niko Mikkola, Nicolas Beaudin, Jack Ahcan, Urho Vaakanainen
Scratches
Kurtis Gabriel (Sprained Left Knee Injury), Noah Juulsen (Healthy), Warren Foegele (Healthy), Jack LaFontaine (Healthy), Carter Gylander (Healthy)
Americans
5 vs 5 Forward
Center Left Wing Right Wing Time % Phy DF OF
1 Ryan Fitzgerald Justin Bailey Kevin Fiala 40 1 2 2
2 Michael McCarron Teemu Pulkkinen Richard Nejezchleb 30 1 2 2
3 Nathan Noel Vladimir Tkachev Daniel Sprong 20 1 2 2
4 Maxim Mamin Jakob Pelletier Alex Schoenborn 10 1 2 2
5 vs 5 Defense
Defense Defense Time % Phy DF OF
1 Dillon Heatherington Devon Teows 40 1 2 2
2 Matt Grzelcyk Spencer Stastney 30 1 2 2
3 Xavier Bouchard Gianni Fairbrother 20 1 2 2
4 Dillon Heatherington Devon Teows 10 1 2 2
PowerPlay Forward
Center Left Wing Right Wing Time % Phy DF OF
1 Ryan Fitzgerald Justin Bailey Kevin Fiala 60 1 2 2
2 Michael McCarron Teemu Pulkkinen Richard Nejezchleb 40 1 2 2
PowerPlay Defense
Defense Defense Time % Phy DF OF
1 Dillon Heatherington Devon Teows 60 1 2 2
2 Matt Grzelcyk Spencer Stastney 40 1 2 2
Penalty Kill 4 Players Forward
Center Wing Time % Phy DF OF
1 Justin Bailey Teemu Pulkkinen 60 1 2 2
2 Kevin Fiala Ryan Fitzgerald 40 1 2 2
Penalty Kill 4 Players Defense
Defense Defense Time % Phy DF OF
1 Dillon Heatherington Devon Teows 60 1 2 2
2 Matt Grzelcyk Spencer Stastney 40 1 2 2
Penalty Kill - 3 Players Forward
Forward Time % Phy DF OF
1 Justin Bailey 60 1 2 2
2 Teemu Pulkkinen 40 1 2 2
Penalty Kill - 3 Players Defense
Defense Defense Time % Phy DF OF
1 Dillon Heatherington Devon Teows 60 1 2 2
2 Matt Grzelcyk Spencer Stastney 40 1 2 2
4 vs 4 Forward
Center Wing Time % Phy DF OF
1 Justin Bailey Teemu Pulkkinen 60 1 2 2
2 Kevin Fiala Ryan Fitzgerald 40 1 2 2
4 vs 4 Defense
Defense Defense Time % Phy DF OF
1 Dillon Heatherington Devon Teows 60 1 2 2
2 Matt Grzelcyk Spencer Stastney 40 1 2 2
Last Minutes Offensive
Center Left Wing Right Wing Defense Defense
Ryan Fitzgerald Justin Bailey Kevin Fiala Dillon Heatherington Devon Teows
Last Minutes Defensive
Center Left Wing Right Wing Defense Defense
Ryan Fitzgerald Justin Bailey Kevin Fiala Dillon Heatherington Devon Teows
Goaltenders
Starting : Connor Hellebyuk
Backup : Peyton Jones
Extra Forwards
Normal : Ryan Fitzgerald, Kevin Fiala, Justin Bailey - PP : Justin Bailey, Jakob Pelletier - PK : Justin Bailey
Extra Defensemen
Normal : Xavier Bouchard, Gianni Fairbrother, Matt Grzelcyk - PP : Xavier Bouchard - PK : Gianni Fairbrother, Matt Grzelcyk
Penalty Shots
Justin Bailey, Teemu Pulkkinen, Kevin Fiala, Ryan Fitzgerald, Richard Nejezchleb
Custom OT Lines Forwards
Justin Bailey, Teemu Pulkkinen, Kevin Fiala, Ryan Fitzgerald, Richard Nejezchleb, Michael McCarron, Vladimir Tkachev, Nathan Noel, Maxim Mamin, Daniel Sprong
Custom OT Lines Defensemen
Dillon Heatherington, Devon Teows, Matt Grzelcyk, Spencer Stastney, Xavier Bouchard
Scratches
Jonas Brodin (Suspend), Peyton Krebs (Healthy), Dmitri Semykin (Healthy), Zachary Senyshyn (Healthy), John Leonard (Healthy)
Joel Teasdale (Healthy), Lauri Pajuniemi (Healthy), Anthony Romano (Healthy), Austin Wong (Healthy), Christopher Paquette (Healthy)
Samuel Bolduc (Facial Surgery Injury), Daniel Bukac (Healthy), Felix Bibeau (Healthy), Simon Holmstrom (Healthy)
% Time on Ice - Punishers
Lines # - Real PCT - Wanted PCT - Time Play
Normal Forward
1 - 33% - 40% - 15:31
2 - 27% - 30% - 12:51
3 - 26% - 20% - 12:01
4 - 14% - 10% - 6:22
Normal Defense
1 - 40% - 40% - 18:36
2 - 31% - 30% - 14:38
3 - 20% - 20% - 9:23
4 - 9% - 10% - 4:08
PP Forward
1 - 58% - 60% - 2:37
2 - 42% - 40% - 1:54
PP Defense
1 - 59% - 60% - 2:40
2 - 41% - 40% - 1:51
PK Forward
1 - 75% - 60% - 6:32
2 - 25% - 40% - 2:12
PK Defense
1 - 65% - 60% - 5:39
2 - 35% - 40% - 3:05
PK3 Forward
1 - 0% - 60%
2 - 0% - 40%
PK3 Defense
1 - 0% - 60%
2 - 0% - 40%
44 Forward
1 - 0% - 60%
2 - 0% - 40%
44 Defense
1 - 0% - 60%
2 - 0% - 40%
Last Minute Offensive - 0:00
Last Minute Defensive - 0:00
Total
Forward - 60:00
Defense - 60:00
|
% Time on Ice - Americans
Lines # - Real PCT - Wanted PCT - Time Play
Normal Forward
1 - 35% - 40% - 16:15
2 - 26% - 30% - 12:14
3 - 23% - 20% - 10:48
4 - 16% - 10% - 7:28
Normal Defense
1 - 40% - 40% - 18:43
2 - 32% - 30% - 15:07
3 - 25% - 20% - 11:31
4 - 3% - 10% - 1:24
PP Forward
1 - 56% - 60% - 4:53
2 - 44% - 40% - 3:51
PP Defense
1 - 58% - 60% - 5:03
2 - 42% - 40% - 3:41
PK Forward
1 - 78% - 60% - 3:31
2 - 22% - 40% - 1:00
PK Defense
1 - 68% - 60% - 3:04
2 - 32% - 40% - 1:27
PK3 Forward
1 - 0% - 60%
2 - 0% - 40%
PK3 Defense
1 - 0% - 60%
2 - 0% - 40%
44 Forward
1 - 0% - 60%
2 - 0% - 40%
44 Defense
1 - 0% - 60%
2 - 0% - 40%
Last Minute Offensive - 0:00
Last Minute Defensive - 0:00
Total
Forward - 60:00
Defense - 60:00
|
Play-by-Play
1st period
0:01 of 1st period - Ryan Fitzgerald wins face-off versus Karson Kuhlman in neutral zone.
0:25 of 1st period - Ben Betker is hit by Richard Nejezchleb and loses puck.
0:30 of 1st period - Slapshot by Michael McCarron.
0:30 of 1st period - Stopped by Antoine Bibeau with a rebound.
0:32 of 1st period - Wrist shot by Teemu Pulkkinen.
0:32 of 1st period - Stopped by Antoine Bibeau with a rebound.
0:34 of 1st period - Snap shot by Matt Grzelcyk.
0:34 of 1st period - Deflect By Teemu Pulkkinen.
0:34 of 1st period - Shot Blocked by Ben Betker.
0:34 of 1st period - Puck is out of play.
0:35 of 1st period - Nathan Noel wins face-off versus Braden Tracey in Punishers zone.
0:46 of 1st period - Snap shot by Adam Ruzicka.
0:46 of 1st period - Stopped by Connor Hellebyuk without a rebound.
0:47 of 1st period - Ben Meyers wins face-off versus Maxim Mamin in Americans zone.
1:12 of 1st period - Urho Vaakanainen is hit by Xavier Bouchard and loses puck.
1:17 of 1st period - Snap shot by Justin Bailey.
1:17 of 1st period - Stopped by Antoine Bibeau with a rebound.
1:19 of 1st period - Snap shot by Kevin Fiala.
1:19 of 1st period - Stopped by Antoine Bibeau without a rebound.
1:20 of 1st period - Michael McCarron wins face-off versus Karson Kuhlman in Punishers zone.
1:49 of 1st period - Snap shot by Vladimir Tkachev.
1:49 of 1st period - Shot Blocked by Nicolas Beaudin.
1:51 of 1st period - Slapshot by Devon Teows.
1:51 of 1st period - Shot Hit the Post.
1:53 of 1st period - Slapshot by Devon Teows.
1:53 of 1st period - Deflect By Daniel Sprong.
1:53 of 1st period - Shot Misses the Net.
1:53 of 1st period - Puck is out of play.
1:54 of 1st period - Ryan Fitzgerald wins face-off versus Karson Kuhlman in Punishers zone.
2:14 of 1st period - Ben Betker is hit by Justin Bailey and loses puck.
2:33 of 1st period - Slapshot by Teemu Pulkkinen.
2:33 of 1st period - Shot Misses the Net.
3:04 of 1st period - Icing by Ben Betker.
3:05 of 1st period - Nathan Noel wins face-off versus Ben Meyers in Punishers zone.
3:20 of 1st period - Wrist shot by Vladimir Tkachev.
3:20 of 1st period - Stopped by Antoine Bibeau without a rebound.
3:21 of 1st period - Ryan Fitzgerald wins face-off versus Karson Kuhlman in Punishers zone.
3:55 of 1st period - Snap shot by Carson Meyer.
3:55 of 1st period - Deflect By Joel Kiviranta.
3:55 of 1st period - Goal by Joel Kiviranta - Punishers : 1 - Americans : 0.
3:56 of 1st period - Karson Kuhlman wins face-off versus Ryan Fitzgerald in neutral zone.
4:03 of 1st period - Slapshot by Kole Lind.
4:03 of 1st period - Stopped by Connor Hellebyuk with a rebound.
4:05 of 1st period - Slapshot by Niko Mikkola.
4:05 of 1st period - Shot Blocked by Devon Teows.
4:07 of 1st period - Slapshot by Niko Mikkola.
4:07 of 1st period - Deflect By Dillon Heatherington.
4:07 of 1st period - Stopped by Connor Hellebyuk with a rebound.
4:21 of 1st period - Joel Kiviranta is hit by Dillon Heatherington.
4:57 of 1st period - Minor Penalty to Nathan Noel for Interference.
4:58 of 1st period - Justin Bailey wins face-off versus Karson Kuhlman in Americans zone.
5:04 of 1st period - Icing by Oskar Lindblom.
5:05 of 1st period - Justin Bailey wins face-off versus Kole Lind in Punishers zone.
5:06 of 1st period - Snap shot by Teemu Pulkkinen.
5:06 of 1st period - Shot Misses the Net.
5:11 of 1st period - Off-side.
5:12 of 1st period - Karson Kuhlman wins face-off versus Justin Bailey in neutral zone.
5:15 of 1st period - Snap shot by Karson Kuhlman.
5:15 of 1st period - Goal by Karson Kuhlman - Punishers : 2 - Americans : 0.
5:16 of 1st period - Ryan Fitzgerald wins face-off versus Oskar Lindblom in neutral zone.
5:32 of 1st period - Minor Penalty to Ben Betker for Hooking.
5:33 of 1st period - Ryan Fitzgerald wins face-off versus Karson Kuhlman in Punishers zone.
5:33 of 1st period - Snap shot by Kevin Fiala.
5:33 of 1st period - Shot Blocked by Niko Mikkola.
5:47 of 1st period - Snap shot by Ryan Fitzgerald.
5:47 of 1st period - Shot Blocked by Oskar Lindblom.
5:49 of 1st period - Wrist shot by Dillon Heatherington.
5:49 of 1st period - Shot Misses the Net.
6:30 of 1st period - Icing by Michael McCarron.
6:31 of 1st period - Michael McCarron wins face-off versus Daniel Audette in Americans zone.
7:12 of 1st period - Nicolas Beaudin is hit by Justin Bailey and loses puck.
7:32 of 1st period - Penalty to Ben Betker is over, Ben Betker is back on ice.
7:41 of 1st period - Dillon Heatherington is hit by Braden Tracey and loses puck.
8:13 of 1st period - Snap shot by Alex Schoenborn.
8:13 of 1st period - Shot Blocked by Oskar Lindblom.
8:51 of 1st period - Minor Penalty to Teemu Pulkkinen for Tripping.
8:52 of 1st period - Daniel Audette wins face-off versus Justin Bailey in Americans zone.
8:52 of 1st period - Slapshot by Carson Meyer.
8:52 of 1st period - Shot Misses the Net.
8:54 of 1st period - Snap shot by Carson Meyer.
8:54 of 1st period - Shot Misses the Net.
8:56 of 1st period - Slapshot by Jack Ahcan.
8:56 of 1st period - Stopped by Connor Hellebyuk with a rebound.
10:03 of 1st period - Devon Teows is hit by Daniel Audette and loses puck.
10:51 of 1st period - Penalty to Teemu Pulkkinen is over, Teemu Pulkkinen is back on ice.
11:02 of 1st period - Niko Mikkola is hit by Xavier Bouchard and loses puck.
11:17 of 1st period - Teemu Pulkkinen is hit by Niko Mikkola and loses puck.
11:28 of 1st period - Snap shot by Ryan Fitzgerald.
11:28 of 1st period - Shot Misses the Net.
11:30 of 1st period - Wrist shot by Ryan Fitzgerald.
11:30 of 1st period - Shot Misses the Net.
11:32 of 1st period - Wrist shot by Justin Bailey.
11:32 of 1st period - Stopped by Antoine Bibeau with a rebound.
11:58 of 1st period - Jack Ahcan is hit by Matt Grzelcyk and loses puck.
12:31 of 1st period - Marcus Karlberg is hit by Matt Grzelcyk.
13:03 of 1st period - Off-side.
13:04 of 1st period - Ben Meyers wins face-off versus Teemu Pulkkinen in neutral zone.
13:25 of 1st period - Icing by Oskar Lindblom.
13:26 of 1st period - Ryan Fitzgerald wins face-off versus Adam Ruzicka in Punishers zone.
13:47 of 1st period - Minor Penalty to Braden Tracey for Holding.
13:48 of 1st period - Oskar Lindblom wins face-off versus Ryan Fitzgerald in Punishers zone.
13:48 of 1st period - Oskar Lindblom is hit by Dillon Heatherington.
14:02 of 1st period - Snap shot by Kevin Fiala.
14:02 of 1st period - Goal by Kevin Fiala - Punishers : 2 - Americans : 1.
14:03 of 1st period - Ryan Fitzgerald wins face-off versus Karson Kuhlman in neutral zone.
14:29 of 1st period - Richard Nejezchleb is hit by Joel Kiviranta and loses puck.
14:40 of 1st period - Dillon Heatherington is hit by Daniel Audette and loses puck.
15:23 of 1st period - Wrist shot by Justin Bailey.
15:23 of 1st period - Deflect By Kevin Fiala.
15:23 of 1st period - Shot Misses the Net.
15:23 of 1st period - Puck is out of play.
15:24 of 1st period - Michael McCarron wins face-off versus Daniel Audette in Punishers zone.
15:28 of 1st period - Minor Penalty to Carson Meyer for Hooking.
15:29 of 1st period - Karson Kuhlman wins face-off versus Ryan Fitzgerald in Punishers zone.
15:39 of 1st period - Karson Kuhlman is hit by Kevin Fiala.
16:51 of 1st period - Oskar Lindblom is hit by Devon Teows.
17:28 of 1st period - Penalty to Carson Meyer is over, Carson Meyer is back on ice.
19:31 of 1st period - Xavier Bouchard is hit by Nicolas Beaudin and loses puck.
Goals for this period are 2 for Punishers vs 1 for Americans.
Shots for this period are 6 for Punishers vs 7 for Americans.
2nd period
0:01 of 2nd period - Karson Kuhlman wins face-off versus Ryan Fitzgerald in neutral zone.
0:03 of 2nd period - Off-side.
0:04 of 2nd period - Ryan Fitzgerald wins face-off versus Karson Kuhlman in neutral zone.
0:11 of 2nd period - Snap shot by Kevin Fiala.
0:11 of 2nd period - Shot Blocked by Niko Mikkola.
0:37 of 2nd period - Wrist shot by Daniel Audette.
0:37 of 2nd period - Stopped by Connor Hellebyuk with a rebound.
0:49 of 2nd period - Slapshot by Dillon Heatherington.
0:49 of 2nd period - Shot Blocked by Jack Ahcan.
0:57 of 2nd period - Jack Ahcan is hit by Devon Teows and loses puck.
1:14 of 2nd period - Ryan Fitzgerald is hit by Oskar Lindblom and loses puck.
1:31 of 2nd period - Snap shot by Joel Kiviranta.
1:31 of 2nd period - Stopped by Connor Hellebyuk without a rebound.
1:32 of 2nd period - Daniel Audette wins face-off versus Maxim Mamin in Americans zone.
1:33 of 2nd period - Wrist shot by Joel Kiviranta.
1:33 of 2nd period - Goal by Joel Kiviranta - Punishers : 3 - Americans : 1.
1:34 of 2nd period - Karson Kuhlman wins face-off versus Ryan Fitzgerald in neutral zone.
1:59 of 2nd period - Matt Grzelcyk is hit by Carson Meyer and loses puck.
2:56 of 2nd period - Snap shot by Carson Meyer.
2:56 of 2nd period - Shot Blocked by Dillon Heatherington.
2:58 of 2nd period - Snap shot by Joel Kiviranta.
2:58 of 2nd period - Stopped by Connor Hellebyuk with a rebound.
3:00 of 2nd period - Slapshot by Nicolas Beaudin.
3:00 of 2nd period - Shot Blocked by Maxim Mamin.
3:02 of 2nd period - Snap shot by Joel Kiviranta.
3:02 of 2nd period - Goal by Joel Kiviranta - Punishers : 4 - Americans : 1.
3:02 of 2nd period - Peyton Jones enters game.
3:03 of 2nd period - Justin Bailey wins face-off versus Karson Kuhlman in neutral zone.
3:08 of 2nd period - Oskar Lindblom is hit by Justin Bailey and loses puck.
3:33 of 2nd period - Off-side.
3:34 of 2nd period - Adam Ruzicka wins face-off versus Michael McCarron in neutral zone.
4:22 of 2nd period - Wrist shot by Matt Grzelcyk.
4:22 of 2nd period - Shot Blocked by Jack Ahcan.
4:24 of 2nd period - Snap shot by Kevin Fiala.
4:24 of 2nd period - Stopped by Antoine Bibeau without a rebound.
4:25 of 2nd period - Oskar Lindblom wins face-off versus Ryan Fitzgerald in Punishers zone.
4:36 of 2nd period - Kevin Fiala is hit by Karson Kuhlman and loses puck.
4:53 of 2nd period - Wrist shot by Ryan Fitzgerald.
4:53 of 2nd period - Shot Misses the Net.
4:55 of 2nd period - Snap shot by Justin Bailey.
4:55 of 2nd period - Goal by Justin Bailey - Punishers : 4 - Americans : 2.
4:56 of 2nd period - Karson Kuhlman wins face-off versus Ryan Fitzgerald in neutral zone.
5:07 of 2nd period - Snap shot by Kevin Fiala.
5:07 of 2nd period - Stopped by Antoine Bibeau without a rebound.
5:08 of 2nd period - Karson Kuhlman wins face-off versus Ryan Fitzgerald in Punishers zone.
5:17 of 2nd period - Wrist shot by Oskar Lindblom.
5:17 of 2nd period - Stopped by Peyton Jones without a rebound.
5:18 of 2nd period - Ryan Fitzgerald wins face-off versus Karson Kuhlman in Americans zone.
5:44 of 2nd period - Wrist shot by Kole Lind.
5:44 of 2nd period - Stopped by Peyton Jones with a rebound.
5:46 of 2nd period - Slapshot by Kole Lind.
5:46 of 2nd period - Stopped by Peyton Jones without a rebound.
5:47 of 2nd period - Michael McCarron wins face-off versus Daniel Audette in Americans zone.
5:58 of 2nd period - Snap shot by Teemu Pulkkinen.
5:58 of 2nd period - Stopped by Antoine Bibeau without a rebound.
5:59 of 2nd period - Ryan Fitzgerald wins face-off versus Karson Kuhlman in Punishers zone.
6:00 of 2nd period - Slapshot by Kevin Fiala.
6:00 of 2nd period - Stopped by Antoine Bibeau without a rebound.
6:01 of 2nd period - Ryan Fitzgerald wins face-off versus Karson Kuhlman in Punishers zone.
6:02 of 2nd period - Wrist shot by Kevin Fiala.
6:02 of 2nd period - Deflect By Justin Bailey.
6:02 of 2nd period - Shot Misses the Net.
6:02 of 2nd period - Puck is out of play.
6:03 of 2nd period - Karson Kuhlman wins face-off versus Ryan Fitzgerald in Punishers zone.
6:05 of 2nd period - Minor Penalty to Niko Mikkola for High sticking.
6:06 of 2nd period - Oskar Lindblom wins face-off versus Ryan Fitzgerald in Punishers zone.
7:58 of 2nd period - Snap shot by Kole Lind.
7:58 of 2nd period - Shot Blocked by Dillon Heatherington.
8:05 of 2nd period - Penalty to Niko Mikkola is over, Niko Mikkola is back on ice.
8:20 of 2nd period - Slapshot by Dillon Heatherington.
8:20 of 2nd period - Stopped by Antoine Bibeau with a rebound.
8:22 of 2nd period - Snap shot by Nathan Noel.
8:22 of 2nd period - Stopped by Antoine Bibeau without a rebound.
8:23 of 2nd period - Maxim Mamin wins face-off versus Adam Ruzicka in Punishers zone.
9:04 of 2nd period - Icing by Kevin Fiala.
9:05 of 2nd period - Karson Kuhlman wins face-off versus Ryan Fitzgerald in Americans zone.
9:14 of 2nd period - Snap shot by Kole Lind.
9:14 of 2nd period - Stopped by Peyton Jones with a rebound.
9:16 of 2nd period - Wrist shot by Oskar Lindblom.
9:16 of 2nd period - Goal by Oskar Lindblom - Punishers : 5 - Americans : 2.
9:17 of 2nd period - Ryan Fitzgerald wins face-off versus Oskar Lindblom in neutral zone.
9:20 of 2nd period - Snap shot by Kevin Fiala.
9:20 of 2nd period - Shot Blocked by Niko Mikkola.
9:44 of 2nd period - Wrist shot by Adam Ruzicka.
9:44 of 2nd period - Shot Blocked by Ryan Fitzgerald.
9:46 of 2nd period - Backhand shot by Jack Ahcan.
9:46 of 2nd period - Deflect By Devon Teows.
9:46 of 2nd period - Stopped by Peyton Jones with a rebound.
9:48 of 2nd period - Snap shot by Adam Ruzicka.
9:48 of 2nd period - Stopped by Peyton Jones without a rebound.
9:49 of 2nd period - Adam Ruzicka wins face-off versus Michael McCarron in Americans zone.
10:36 of 2nd period - Wrist shot by Carson Meyer.
10:36 of 2nd period - Shot Misses the Net.
10:38 of 2nd period - Slapshot by Niko Mikkola.
10:38 of 2nd period - Stopped by Peyton Jones without a rebound.
10:39 of 2nd period - Daniel Audette wins face-off versus Ryan Fitzgerald in Americans zone.
10:51 of 2nd period - Icing by Devon Teows.
10:52 of 2nd period - Ryan Fitzgerald wins face-off versus Kole Lind in Americans zone.
11:40 of 2nd period - Snap shot by Adam Ruzicka.
11:40 of 2nd period - Stopped by Peyton Jones with a rebound.
11:42 of 2nd period - Wrist shot by Jesse Ylonen.
11:42 of 2nd period - Shot Misses the Net.
11:44 of 2nd period - Snap shot by Adam Ruzicka.
11:44 of 2nd period - Shot Blocked by Teemu Pulkkinen.
11:55 of 2nd period - Off-side.
11:56 of 2nd period - Karson Kuhlman wins face-off versus Nathan Noel in neutral zone.
12:21 of 2nd period - Rasmus Sandin is hit by Teemu Pulkkinen and loses puck.
13:21 of 2nd period - Wrist shot by Alex Schoenborn.
13:21 of 2nd period - Shot Hit the Post.
13:23 of 2nd period - Wrist shot by Vladimir Tkachev.
13:23 of 2nd period - Stopped by Antoine Bibeau with a rebound.
14:11 of 2nd period - Snap shot by Nathan Noel.
14:11 of 2nd period - Stopped by Antoine Bibeau with a rebound.
14:24 of 2nd period - Icing by Devon Teows.
14:25 of 2nd period - Maxim Mamin wins face-off versus Ben Meyers in Americans zone.
14:32 of 2nd period - Snap shot by Jakob Pelletier.
14:32 of 2nd period - Deflect By Maxim Mamin.
14:32 of 2nd period - Shot Misses the Net.
14:32 of 2nd period - Puck is out of play.
14:33 of 2nd period - Ryan Fitzgerald wins face-off versus Daniel Audette in Punishers zone.
15:16 of 2nd period - Minor Penalty to Oskar Lindblom for Interference.
15:17 of 2nd period - Kevin Fiala wins face-off versus Jesse Ylonen in Punishers zone.
15:22 of 2nd period - Snap shot by Kevin Fiala.
15:22 of 2nd period - Stopped by Antoine Bibeau without a rebound.
15:23 of 2nd period - Ryan Fitzgerald wins face-off versus Jesse Ylonen in Punishers zone.
15:26 of 2nd period - Snap shot by Justin Bailey.
15:26 of 2nd period - Shot Blocked by Jack Ahcan.
15:28 of 2nd period - Backhand shot by Spencer Stastney.
15:28 of 2nd period - Shot Misses the Net.
15:32 of 2nd period - Snap shot by Kevin Fiala.
15:32 of 2nd period - Shot Blocked by Karson Kuhlman.
15:34 of 2nd period - Slapshot by Matt Grzelcyk.
15:34 of 2nd period - Stopped by Antoine Bibeau without a rebound.
15:35 of 2nd period - Justin Bailey wins face-off versus Jesse Ylonen in Punishers zone.
16:51 of 2nd period - Joel Kiviranta is hit by Dillon Heatherington and loses puck.
17:02 of 2nd period - Joel Kiviranta is hit by Devon Teows and loses puck.
17:16 of 2nd period - Penalty to Oskar Lindblom is over, Oskar Lindblom is back on ice.
17:46 of 2nd period - Snap shot by Oskar Lindblom.
17:46 of 2nd period - Stopped by Peyton Jones without a rebound.
17:47 of 2nd period - Maxim Mamin wins face-off versus Karson Kuhlman in Americans zone.
18:02 of 2nd period - Minor Penalty to Spencer Stastney for Holding.
18:03 of 2nd period - Karson Kuhlman wins face-off versus Justin Bailey in Americans zone.
18:08 of 2nd period - Snap shot by Kole Lind.
18:08 of 2nd period - Shot Hit the Post.
18:10 of 2nd period - Slapshot by Nicolas Beaudin.
18:10 of 2nd period - Shot Blocked by Dillon Heatherington.
18:12 of 2nd period - Snap shot by Karson Kuhlman.
18:12 of 2nd period - Goal by Karson Kuhlman - Punishers : 6 - Americans : 2.
18:13 of 2nd period - Ryan Fitzgerald wins face-off versus Karson Kuhlman in neutral zone.
18:18 of 2nd period - Wrist shot by Justin Bailey.
18:18 of 2nd period - Shot Misses the Net.
18:20 of 2nd period - Slapshot by Dillon Heatherington.
18:20 of 2nd period - Shot Blocked by Karson Kuhlman.
18:22 of 2nd period - Wrist shot by Ryan Fitzgerald.
18:22 of 2nd period - Stopped by Antoine Bibeau with a rebound.
18:24 of 2nd period - Wrist shot by Justin Bailey.
18:24 of 2nd period - Shot Misses the Net.
19:16 of 2nd period - Wrist shot by Maxim Mamin.
19:16 of 2nd period - Stopped by Antoine Bibeau with a rebound.
19:18 of 2nd period - Wrist shot by Maxim Mamin.
19:18 of 2nd period - Stopped by Antoine Bibeau with a rebound.
19:20 of 2nd period - Wrist shot by Matt Grzelcyk.
19:20 of 2nd period - Shot Misses the Net.
19:22 of 2nd period - Slapshot by Spencer Stastney.
19:22 of 2nd period - Shot Blocked by Ben Betker.
19:24 of 2nd period - Slapshot by Spencer Stastney.
19:24 of 2nd period - Stopped by Antoine Bibeau with a rebound.
Goals for this period are 4 for Punishers vs 1 for Americans.
Shots for this period are 16 for Punishers vs 15 for Americans.
3rd period
0:01 of 3rd period - Ryan Fitzgerald wins face-off versus Karson Kuhlman in neutral zone.
0:06 of 3rd period - Snap shot by Kevin Fiala.
0:06 of 3rd period - Shot Misses the Net.
0:08 of 3rd period - Slapshot by Devon Teows.
0:08 of 3rd period - Deflect By Kole Lind.
0:08 of 3rd period - Stopped by Antoine Bibeau with a rebound.
0:12 of 3rd period - Wrist shot by Kevin Fiala.
0:12 of 3rd period - Shot Misses the Net.
0:38 of 3rd period - Slapshot by Jack Ahcan.
0:38 of 3rd period - Stopped by Peyton Jones with a rebound.
0:57 of 3rd period - Snap shot by Adam Ruzicka.
0:57 of 3rd period - Goal by Adam Ruzicka - Punishers : 7 - Americans : 2.
0:58 of 3rd period - Karson Kuhlman wins face-off versus Ryan Fitzgerald in neutral zone.
1:59 of 3rd period - Icing by Matt Grzelcyk.
2:00 of 3rd period - Karson Kuhlman wins face-off versus Nathan Noel in Americans zone.
2:11 of 3rd period - Wrist shot by Oskar Lindblom.
2:11 of 3rd period - Deflect By Kole Lind.
2:11 of 3rd period - Shot Misses the Net.
2:11 of 3rd period - Puck is out of play.
2:12 of 3rd period - Karson Kuhlman wins face-off versus Ryan Fitzgerald in Americans zone.
2:16 of 3rd period - Minor Penalty to Devon Teows for Slashing.
2:17 of 3rd period - Karson Kuhlman wins face-off versus Justin Bailey in Americans zone.
2:19 of 3rd period - Wrist shot by Karson Kuhlman.
2:19 of 3rd period - Deflect By Oskar Lindblom.
2:19 of 3rd period - Shot Misses the Net.
2:19 of 3rd period - Puck is out of play.
2:20 of 3rd period - Karson Kuhlman wins face-off versus Justin Bailey in Americans zone.
3:16 of 3rd period - Slapshot by Matt Grzelcyk.
3:16 of 3rd period - Stopped by Antoine Bibeau without a rebound.
3:17 of 3rd period - Daniel Audette wins face-off versus Ryan Fitzgerald in Punishers zone.
4:09 of 3rd period - Daniel Audette is hit by Gianni Fairbrother.
4:16 of 3rd period - Penalty to Devon Teows is over, Devon Teows is back on ice.
4:31 of 3rd period - Gianni Fairbrother is hit by Jesse Ylonen and loses puck.
7:04 of 3rd period - Snap shot by Carson Meyer.
7:04 of 3rd period - Shot Misses the Net.
7:06 of 3rd period - Snap shot by Urho Vaakanainen.
7:06 of 3rd period - Stopped by Peyton Jones without a rebound.
7:07 of 3rd period - Adam Ruzicka wins face-off versus Ryan Fitzgerald in Americans zone.
7:08 of 3rd period - Wrist shot by Jesse Ylonen.
7:08 of 3rd period - Stopped by Peyton Jones with a rebound.
7:18 of 3rd period - Wrist shot by Kevin Fiala.
7:18 of 3rd period - Shot Blocked by Urho Vaakanainen.
7:20 of 3rd period - Wrist shot by Kevin Fiala.
7:20 of 3rd period - Shot Blocked by Braden Tracey.
7:56 of 3rd period - Wrist shot by Daniel Sprong.
7:56 of 3rd period - Shot Blocked by Rasmus Sandin.
7:58 of 3rd period - Snap shot by Nathan Noel.
7:58 of 3rd period - Shot Blocked by Adam Ruzicka.
8:00 of 3rd period - Slapshot by Dillon Heatherington.
8:00 of 3rd period - Shot Blocked by Braden Tracey.
8:02 of 3rd period - Snap shot by Daniel Sprong.
8:02 of 3rd period - Stopped by Antoine Bibeau with a rebound.
8:04 of 3rd period - Slapshot by Gianni Fairbrother.
8:04 of 3rd period - Shot Blocked by Rasmus Sandin.
8:40 of 3rd period - Snap shot by Jesse Ylonen.
8:40 of 3rd period - Stopped by Peyton Jones without a rebound.
8:41 of 3rd period - Karson Kuhlman wins face-off versus Ryan Fitzgerald in Americans zone.
8:50 of 3rd period - Snap shot by Kole Lind.
8:50 of 3rd period - Shot Blocked by Matt Grzelcyk.
9:13 of 3rd period - Snap shot by Karson Kuhlman.
9:13 of 3rd period - Deflect By Kole Lind.
9:13 of 3rd period - Stopped by Peyton Jones with a rebound.
9:37 of 3rd period - Daniel Audette is hit by Nathan Noel and loses puck.
9:53 of 3rd period - Ben Meyers is hit by Devon Teows and loses puck.
11:06 of 3rd period - Minor Penalty to Rasmus Sandin for Interference.
11:07 of 3rd period - Ryan Fitzgerald wins face-off versus Oskar Lindblom in Punishers zone.
11:09 of 3rd period - Slapshot by Justin Bailey.
11:09 of 3rd period - Stopped by Antoine Bibeau without a rebound.
11:10 of 3rd period - Ryan Fitzgerald wins face-off versus Oskar Lindblom in Punishers zone.
11:39 of 3rd period - Slapshot by Teemu Pulkkinen.
11:39 of 3rd period - Goal by Teemu Pulkkinen - Punishers : 7 - Americans : 3.
11:40 of 3rd period - Justin Bailey wins face-off versus Karson Kuhlman in neutral zone.
11:59 of 3rd period - Dillon Heatherington is hit by Kole Lind and loses puck.
12:36 of 3rd period - Ben Betker is hit by Nathan Noel and loses puck.
12:41 of 3rd period - Snap shot by Nathan Noel.
12:41 of 3rd period - Stopped by Antoine Bibeau without a rebound.
12:42 of 3rd period - Karson Kuhlman wins face-off versus Ryan Fitzgerald in Punishers zone.
13:16 of 3rd period - Snap shot by Michael McCarron.
13:16 of 3rd period - Stopped by Antoine Bibeau without a rebound.
13:17 of 3rd period - Michael McCarron wins face-off versus Daniel Audette in Punishers zone.
14:12 of 3rd period - Wrist shot by Vladimir Tkachev.
14:12 of 3rd period - Stopped by Antoine Bibeau without a rebound.
14:13 of 3rd period - Karson Kuhlman wins face-off versus Michael McCarron in Punishers zone.
14:20 of 3rd period - Michael McCarron is hit by Nicolas Beaudin and loses puck.
14:44 of 3rd period - Carson Meyer is hit by Kevin Fiala and loses puck.
15:21 of 3rd period - Jakob Pelletier is hit by Nicolas Beaudin and loses puck.
15:43 of 3rd period - Off-side.
15:44 of 3rd period - Michael McCarron wins face-off versus Daniel Audette in neutral zone.
17:10 of 3rd period - Icing by Joel Kiviranta.
17:11 of 3rd period - Michael McCarron wins face-off versus Carson Meyer in Punishers zone.
17:16 of 3rd period - Snap shot by Justin Bailey.
17:16 of 3rd period - Shot Misses the Net.
17:18 of 3rd period - Wrist shot by Justin Bailey.
17:18 of 3rd period - Stopped by Antoine Bibeau with a rebound.
17:36 of 3rd period - Dillon Heatherington is hit by Joel Kiviranta and loses puck.
17:41 of 3rd period - Slapshot by Daniel Audette.
17:41 of 3rd period - Shot Misses the Net.
17:43 of 3rd period - Snap shot by Joel Kiviranta.
17:43 of 3rd period - Shot Misses the Net.
17:45 of 3rd period - Wrist shot by Daniel Audette.
17:45 of 3rd period - Shot Blocked by Devon Teows.
17:47 of 3rd period - Wrist shot by Joel Kiviranta.
17:47 of 3rd period - Stopped by Peyton Jones without a rebound.
17:48 of 3rd period - Ryan Fitzgerald wins face-off versus Karson Kuhlman in Americans zone.
19:43 of 3rd period - Rasmus Sandin is hit by Vladimir Tkachev and loses puck.
19:54 of 3rd period - Minor Penalty to Gianni Fairbrother for High sticking.
19:55 of 3rd period - Justin Bailey wins face-off versus Karson Kuhlman in Americans zone.
Goals for this period are 1 for Punishers vs 1 for Americans.
Shots for this period are 7 for Punishers vs 9 for Americans.